AoeStats
← 4k1m

MegaRandom

509884790Analyzed
4v4 RM · 4d ago on Sep 28, 2026· 40m 14s· 8 players
Game mode
Random Map
Map size
Large (8 player)
Population
200
Speed
Normal
Resources
Standard
Victory
Conquest
Starting age
Dark Age
Ending age
Imperial Age
RankedLock teamsTeams togetherTeam positionsShared explorationLock speedFull tech treeHidden civsTurbo modeCheats
Victory
Defeat
🇩🇪 Slavs · Germany
1493
+15
🇩🇪 Teutons · Germany
1437
+17
🇩🇪 Wei · Germany
1414
+18
🇩🇪 Japanese · Germany
1404
+18
🇪🇸 Hindustanis · Spain
1503
-18
🇨🇭 Aztecs · Switzerland
1475
-18
🇨🇳 Vikings · China
1444
-16
🇻🇳 Chinese · Vietnam
1429
-16
lorddoc
4:21 Loom
11:26 Feudal Age
16:00 Castle Age
14:35 Double-Bit Axe
15:36 Scale Mail Armor
18:45 Eagle Warrior
20:07 Squires
24:38 Forging
25:58 Chain Mail Armor
30:07 Elite Skirmisher
34:32 Crossbowman
35:51 Fletching
35:57 Horse Collar
37:02 Padded Archer Armor
37:39 Bodkin Arrow
38:10 Ballistics
39:19 Leather Archer Armor
Pelopincho
7:09 Loom
9:15 Feudal Age
9:54 Double-Bit Axe
15:45 Scale Barding Armor
15:51 Forging
17:21 Wheelbarrow
18:50 Gold Mining
21:54 Castle Age
21:19 Bloodlines
22:40 Husbandry
22:02 Light Cavalry
22:54 Bow Saw
22:25 Horse Collar
23:09 Heavy Plow
23:31 Chain Barding Armor
26:48 Gold Shaft Mining
28:10 Hand Cart
32:09 Iron Casting
34:21 Stone Mining
37:11 Imperial Age
37:14 Heavy Camel Rider
37:25 Hussar
39:10 Two-Man Saw
39:46 Plate Barding Armor
40:11 Blast Furnace
40:06 Conscription
坐边打一波就跑
9:19 Loom
11:31 Feudal Age
12:14 Horse Collar
14:59 Double-Bit Axe
17:14 Gold Mining
20:33 Castle Age
20:45 Padded Archer Armor
20:36 Fletching
20:37 Crossbowman
23:15 Bodkin Arrow
23:36 Leather Archer Armor
25:20 Town Watch
29:28 Ballistics
31:58 Bow Saw
34:06 Gold Shaft Mining
33:37 Stone Mining
36:40 Squires
36:44 Scale Mail Armor
36:54 Forging
39:03 Chain Mail Armor
kkkkk1231231
0:36 Loom
10:27 Feudal Age
11:00 Double-Bit Axe
12:04 Horse Collar
18:50 Castle Age
16:53 Horse Collar
19:22 Wheelbarrow
19:37 Padded Archer Armor
19:00 Elite Skirmisher
21:02 Leather Archer Armor
20:40 Fletching
21:11 Crossbowman
22:19 Hand Cart
24:01 Heavy Plow
25:12 Stone Mining
26:28 Town Watch
27:41 Gold Mining
29:10 Gold Shaft Mining
29:13 Stone Shaft Mining
29:35 Bodkin Arrow
29:49 Thumb Ring
31:26 Ballistics
36:28 Imperial Age
37:11 Bracer
38:26 Conscription
40:25 Ring Archer Armor
4k1m
5:15 Loom
9:45 Feudal Age
13:53 Fletching
19:43 Wheelbarrow
23:15 Castle Age
24:04 Padded Archer Armor
24:11 Bodkin Arrow
23:41 Crossbowman
25:27 Padded Archer Armor
27:28 Double-Bit Axe
29:23 Leather Archer Armor
31:35 Ballistics
34:58 Bow Saw
34:36 Horse Collar
Vicky R
6:44 Loom
10:09 Feudal Age
10:38 Double-Bit Axe
10:37 Horse Collar
16:54 Wheelbarrow
19:51 Castle Age
18:07 Gold Mining
19:01 Bloodlines
19:53 Scale Barding Armor
19:58 Forging
22:44 Bow Saw
24:21 Chain Barding Armor
24:37 Iron Casting
24:32 Heavy Plow
27:46 Husbandry
30:45 Gold Shaft Mining
33:15 Hand Cart
36:14 Imperial Age
34:12 Stone Mining
37:46 Plate Barding Armor
36:33 Cavalier
38:47 Two-Man Saw
38:19 Coinage
39:04 Blast Furnace
38:37 Crop Rotation
37:36 Light Cavalry
38:22 Town Watch
39:22 Fletching
Chili
9:43 Loom
11:46 Feudal Age
12:45 Loom
15:53 Castle Age
14:19 Double-Bit Axe
15:05 Horse Collar
15:36 Gold Mining
15:58 Fletching
24:47 Bodkin Arrow
25:56 Husbandry
28:20 Ballistics
29:18 Bloodlines
31:51 Padded Archer Armor
34:49 Bow Saw
35:49 Wheelbarrow
38:38 Hand Cart
39:32 Stone Mining
40:18 Gold Shaft Mining
39:43 Town Watch
MyNameIsLassen
7:56 Loom
11:20 Feudal Age
15:37 Castle Age
14:24 Bloodlines
17:32 Scale Barding Armor
18:08 Double-Bit Axe
21:49 Chain Barding Armor
22:44 Horse Collar
29:03 Bow Saw
31:26 Wheelbarrow
31:38 Forging
31:49 Town Watch
34:59 Gold Mining
36:28 Hand Cart
37:09 Iron Casting
37:49 Heavy Plow
41:37 Imperial Age
Connection lost

Rejoining the realm…

Still unreachable

The connection could not be restored.

Session expired

The server has moved on; the page needs a fresh start.